 Dungeon Crawl Stone Soup version 0.29.0-4-gdea44cf6ec (webtiles) character file.

Game seed: 13011705705704037329

9312 qw the Grappler (level 11, -12/107 HPs)
             Began as a Troll Cinder Acolyte on Sept 3, 2022.
             Was a Follower of Okawaru.
             Mangled by a fire elemental (14 damage)
             ... created by the fiery vengeance of Ignis
             ... on level 1 of the Lair of Beasts.
             The game lasted 00:04:18 (8730 turns).

qw the Grappler (Troll Cinder Acolyte)              Turns: 8730, Time: 00:04:18

Health: -12/107    AC:  6    Str: 28    XL:     11   Next: 21%
Magic:  9/11       EV: 14    Int: 10    God:    Okawaru [*.....]
Gold:   846        SH:  0    Dex:  5    Spells: 12/12 levels left

rFire   . . .      SeeInvis .     - Unarmed
rCold   . . .      Faith    .   (no shield)
rNeg    . . .      Spirit   .   k - +2 robe
rPois   .          Reflect  .   (helmet restricted)
rElec   .          Harm     .   (no cloak)
rCorr   +          Rampage  .   (gloves unavailable)
Will    .....                   (boots unavailable)
Stlth   ++........              (no amulet)
HPRegen 1.07/turn               c - +4 ring of evasion
MPRegen 0.12/turn               o - ring of resist corrosion

@: about to teleport, heroic, fire susceptible
A: large, unfitting armour, claws 3, regeneration 1, shaggy fur 1, tough skin 1
a: Renounce Religion, Heroism


You were on level 1 of the Lair of Beasts.
You worshipped Okawaru.
Okawaru was aware of your devotion.
You visited 2 branches of the dungeon, and saw 11 of its levels.

You collected 846 gold pieces.


Innate Abilities, Weirdness & Mutations

You are too large for most types of armour.
You have claws for hands.
Your natural rate of healing is unusually fast.
You are covered in fur. (AC +1)
You have tough skin. (AC +1)


   Skills:
 - Level 6.4(11.4) Fighting
 - Level 6.0(11.0) Throwing
 - Level 1.0(6.0) Dodging
 + Level 14.7(19.7) Unarmed Combat
 - Level 1.0 Spellcasting
 - Level 2.1 Fire Magic
 + Level 0.0 Invocations


You had 12 spell levels left.
You didn't know any spells.
Your spell library contained the following spells:

 Spells                   Type           Power      Damage    Failure   Level
 Scorch                   Fire           8%         2d5       22%         2

Inventory:

Missiles
 i - 5 boomerangs (quivered)
Armour
 k - a +2 robe (worn)
Jewellery
 a - a ring of ice
 c - a +4 ring of evasion (left claw)
 o - a ring of resist corrosion (right claw)
Wands
 m - a wand of digging (3)
Scrolls
 d - 2 scrolls of enchant armour
 h - 3 scrolls of identify
 n - a scroll of enchant weapon
Potions
 b - 6 potions of might
 f - 3 potions of haste
 j - 2 potions of cancellation
 l - 2 potions of resistance

Dungeon Overview and Level Annotations

Branches:
Dungeon (10/15)            Temple (0/1) D:7            Lair (1/5) D:10
    Orc (0/2) D:10

Altars:
Dithmenos
Elyvilon
Kikubaaqudgha
Okawaru
Ru
Yredelemnul
The Shining One
Lugonu

Shops:
D:9 [   D:10 (

Portals:
Abyss: D:5

Annotations:
D:3 2 transporters, qw's ghost, amateur FoCA


Message History

Okawaru accepts your kill.
You can now gain great but temporary skills. "These will know how to inflict the punishment due to you!" 3 fire elementals come into view.
You miss the fire elemental. You closely miss the fire elemental.
You mangle the fire elemental!!
The fire elemental is heavily damaged.
The fire elemental barely misses you.
You claw the fire elemental!
The fire elemental is severely damaged.
The fire elemental hits you. The fire elemental burns you!
The fire elemental misses you.
You closely miss the fire elemental.
The fire elemental is severely damaged.
The fire elemental hits you. The fire elemental burns you!
The fire elemental hits you. The fire elemental burns you!
8726 ||| INVOKING Heroism.
You gain the combat prowess of a mighty hero.
The fire elemental hits you. The fire elemental burns you!
The fire elemental completely misses you.
You barely miss the fire elemental. Your claw misses the fire elemental.
The fire elemental is severely damaged.
The fire elemental hits you. The fire elemental burns you!
The fire elemental misses you. The fire elemental closely misses you.
You barely miss the fire elemental. You claw the fire elemental!
The fire elemental is almost destroyed.
The fire elemental hits you. The fire elemental burns you!
The fire elemental barely misses you. The fire elemental hits you.
The fire elemental burns you!
You closely miss the fire elemental.
The fire elemental is almost destroyed.
The fire elemental hits you. The fire elemental burns you!
The fire elemental hits you. The fire elemental burns you!
The fire elemental hits you. The fire elemental burns you!
8730 ||| READING scroll of teleportation.
As you read the scroll of teleportation, it crumbles to dust.
You feel strangely unstable. The fire elemental hits you.
The fire elemental burns you!
You die...

## ..##. #.###
#.(Y..
###...##.(.?..
#.....#......Y
#....%.%# #
#......##
#.#......#
#.....E%#
#....0#@#
###...EE#
####..##
#...####
#......##
##.......###
##..........##
#............#
##.............


You could see 3 fire elementals.

Vanquished Creatures
  A two-headed ogre (D:10)
  Lodul (D:10)
  A wraith (D:9)
  Sigmund (D:4)
  16 yaks
  Eustachio (D:5)
  2 wyverns
  2 fire elementals (D:10)
  Grum (D:8)
  An acid dragon (D:9)
  3 water moccasins
  Duvessa (D:4)
  5 orc warriors
  An ice beast (D:7)
  A sky beast (D:7)
  8 ogres
  A black bear (D:5)
  3 wolves
  4 centaurs
  A phantom (D:7)
  6 bullfrogs
  A gnoll sergeant (D:8)
  3 necrophages (D:6)
  2 scorpions
  8 wights
  Dowan (D:4)
  2 jellies
  8 killer bees
  4 howler monkeys
  2 electric eels (D:10)
  2 orc priests
  A gnoll bouda (D:7)
  4 iguanas
  Ijyb (D:3)
  8 orc wizards
  3 adders
  3 gnolls (D:8)
  2 shadow imps
  An ufetubus (D:3)
  6 worms
  A dart slug (D:2)
  24 orcs
  6 bats
  9 endoplasms
  4 giant cockroaches
  9 goblins
  7 hobgoblins
  2 jackals (D:1)
  6 kobolds
  4 quokkas
  5 ball pythons
  3 frilled lizards
  7 rats
  A lurking horror (D:5)
211 creatures vanquished.

Vanquished Creatures (others)
  A plant (Lair:1)
1 creature vanquished.

Grand Total: 212 creatures vanquished

Notes
Turn   | Place    | Note
-------+----------+-------------------------------------------
     0 | D:1      | qw the Troll Cinder Acolyte began the quest for the Orb.
     0 | D:1      | Reached XP level 1. HP: 22/22 MP: 1/1
     0 | D:1      | 0 ||| qw: Version: 0.1-a-102-g441f92d
     0 | D:1      | 0 ||| qw: Game counter: 5110
     0 | D:1      | 0 ||| qw: Always use a shield: true
     0 | D:1      | 0 ||| qw: God list: Okawaru
     0 | D:1      | 0 ||| qw: Allow faded altars: false
     0 | D:1      | 0 ||| qw: Do Orc after D:15 true
     0 | D:1      | 0 ||| qw: Do second Lair branch before Depths: true
     0 | D:1      | 0 ||| qw: Lair rune preference: random
     0 | D:1      | 0 ||| qw: Plans: Normal
     0 | D:1      | 0 ||| PLANNING D:1-11
    38 | D:1      | 38 ||| Stepping ~*~*~tactically~*~*~ (outnumbered).
    39 | D:1      | 39 ||| Stepping ~*~*~tactically~*~*~ (outnumbered).
    98 | D:1      | 98 ||| Stepping ~*~*~tactically~*~*~ (outnumbered).
   100 | D:1      | 100 ||| INVOKING Fiery Armour.
   101 | D:1      | 101 ||| Stepping ~*~*~tactically~*~*~ (outnumbered).
   106 | D:1      | Reached XP level 2. HP: 16/29 MP: 2/2
   287 | D:1      | 287 ||| Stepping ~*~*~tactically~*~*~ (stealth).
   387 | D:1      | Found a faded altar of an unknown god.
   471 | D:1      | Reached skill level 4 in Unarmed Combat
   527 | D:1      | 527 ||| READING scroll labelled TER CUXTEDWE.
   528 | D:1      | 528 ||| DRINKING 2 metallic pink potions.
   529 | D:1      | 529 ||| DRINKING 3 bubbling dark potions.
   537 | D:2      | 537 ||| STAIRDANCE
   594 | D:2      | Reached XP level 3. HP: 36/36 MP: 3/3
   729 | D:2      | 729 ||| DRINKING 2 potions of curing.
   729 | D:2      | 729 ||| (to cure confusion)
   732 | D:2      | 732 ||| Stepping ~*~*~tactically~*~*~ (outnumbered).
   734 | D:2      | 734 ||| Stepping ~*~*~tactically~*~*~ (outnumbered).
   735 | D:2      | 735 ||| Stepping ~*~*~tactically~*~*~ (outnumbered).
   736 | D:2      | 736 ||| Stepping ~*~*~tactically~*~*~ (outnumbered).
   737 | D:2      | 737 ||| Stepping ~*~*~tactically~*~*~ (outnumbered).
   747 | D:2      | Reached skill level 1 in Throwing
   761 | D:2      | Reached XP level 4. HP: 32/44 MP: 4/4
   862 | D:2      | 862 ||| Stepping ~*~*~tactically~*~*~ (stealth).
  1000 | D:2      | Reached skill level 5 in Unarmed Combat
  1112 | D:2      | 1112 ||| READING 3 scrolls labelled TOHECV UCVO.
  1113 | D:2      | 1113 ||| READING scroll labelled ANISAON JOCKACH.
  1114 | D:2      | 1114 ||| READING scroll labelled BIWKEAD SOFU.
  1115 | D:2      | 1115 ||| READING scroll labelled WEUMEN PAF.
  1116 | D:2      | 1116 ||| READING scroll labelled HETASI APHAO.
  1117 | D:2      | 1117 ||| DRINKING 2 green potions.
  1118 | D:2      | 1118 ||| READING 2 scrolls of identify.
  1118 | D:2      | 1118 ||| IDENTIFYING blue potion
  1119 | D:2      | 1119 ||| DROPPING potion of attraction.
  1194 | D:3      | Noticed Ijyb
  1195 | D:3      | 1195 ||| Stepping ~*~*~tactically~*~*~ (stealth).
  1233 | D:3      | Killed Ijyb
  1292 | D:3      | 1292 ||| Stepping ~*~*~tactically~*~*~ (stealth).
  1327 | D:3      | Found a transporter.
  1327 | D:3      | Noticed qw's ghost (amateur FoCA)
  1412 | D:3      | Found a transporter.
  1430 | D:3      | 1430 ||| Stepping ~*~*~tactically~*~*~ (stealth).
  1431 | D:3      | 1431 ||| Stepping ~*~*~tactically~*~*~ (stealth).
  1440 | D:3      | 1440 ||| Stepping ~*~*~tactically~*~*~ (stealth).
  1473 | D:3      | Reached XP level 5. HP: 50/50 MP: 5/5
  1539 | D:3      | 1539 ||| Stepping ~*~*~tactically~*~*~ (stealth).
  1591 | D:3      | 1591 ||| DRINKING 2 potions of curing.
  1591 | D:3      | 1591 ||| (to cure confusion)
  1601 | D:3      | 1601 ||| Stepping ~*~*~tactically~*~*~ (stealth).
  1604 | D:3      | 1604 ||| Stepping ~*~*~tactically~*~*~ (stealth).
  1607 | D:3      | 1607 ||| Stepping ~*~*~tactically~*~*~ (outnumbered).
  1608 | D:3      | 1608 ||| Stepping ~*~*~tactically~*~*~ (outnumbered).
  1609 | D:3      | 1609 ||| Stepping ~*~*~tactically~*~*~ (outnumbered).
  1610 | D:3      | 1610 ||| Stepping ~*~*~tactically~*~*~ (outnumbered).
  1611 | D:3      | 1611 ||| Stepping ~*~*~tactically~*~*~ (outnumbered).
  1613 | D:3      | 1613 ||| Stepping ~*~*~tactically~*~*~ (outnumbered).
  1614 | D:3      | 1614 ||| Stepping ~*~*~tactically~*~*~ (outnumbered).
  1615 | D:3      | 1615 ||| Stepping ~*~*~tactically~*~*~ (outnumbered).
  1616 | D:3      | 1616 ||| Stepping ~*~*~tactically~*~*~ (outnumbered).
  1617 | D:3      | 1617 ||| Stepping ~*~*~tactically~*~*~ (outnumbered).
  1618 | D:3      | 1618 ||| Stepping ~*~*~tactically~*~*~ (outnumbered).
  1754 | D:3      | Identified the +2 leather armour of Osenes {Str+5}
  1915 | D:3      | 1915 ||| READING scroll labelled ECOMIS ZIGUEVYKH.
  1918 | D:3      | 1918 ||| READING 2 scrolls of identify.
  1918 | D:3      | 1918 ||| IDENTIFYING fizzy black potion
  1919 | D:3      | 1919 ||| DROPPING potion of flight.
  2054 | D:4      | Reached skill level 6 in Unarmed Combat
  2060 | D:4      | 2060 ||| Stepping ~*~*~tactically~*~*~ (stealth).
  2061 | D:4      | 2061 ||| Stepping ~*~*~tactically~*~*~ (stealth).
  2065 | D:4      | Reached XP level 6. HP: 59/59 MP: 6/6
  2070 | D:4      | Noticed Duvessa
  2071 | D:4      | Noticed Dowan
  2072 | D:4      | 2072 ||| INVOKING Fiery Armour.
  2080 | D:4      | Killed Duvessa
  2083 | D:4      | 2083 ||| Stepping ~*~*~tactically~*~*~ (hiding).
  2094 | D:4      | Killed Dowan
  2095 | D:4      | Reached skill level 7 in Unarmed Combat
  2157 | D:4      | Noticed Sigmund
  2160 | D:4      | Killed Sigmund
  2161 | D:4      | Reached XP level 7. HP: 66/66 MP: 7/7
  2184 | D:4      | 2184 ||| Stepping ~*~*~tactically~*~*~ (stealth).
  2189 | D:4      | 2189 ||| Stepping ~*~*~tactically~*~*~ (stealth).
  2202 | D:4      | 2202 ||| Stepping ~*~*~tactically~*~*~ (stealth).
  2516 | D:4      | Reached skill level 8 in Unarmed Combat
  2642 | D:4      | 2642 ||| UPGRADING to +2 robe.
  2652 | D:4      | 2652 ||| DROPPING +0 robe.
  2653 | D:4      | 2653 ||| READING scroll labelled ZOB EDUQOPLE.
  2654 | D:4      | 2654 ||| READING scroll labelled CEULEY RORHAAR.
  2655 | D:4      | 2655 ||| READING scroll labelled KUC YSKUZUR QUN.
  2656 | D:4      | 2656 ||| READING scroll of teleportation.
  2718 | D:5      | Entered Level 5 of the Dungeon
  2741 | D:5      | Noticed Eustachio
  2759 | D:5      | 2759 ||| Stepping ~*~*~tactically~*~*~ (hiding).
  2765 | D:5      | 2765 ||| INVOKING Fiery Armour.
  2769 | D:5      | Killed Eustachio
  2770 | D:5      | Reached skill level 3 in Fighting
  2841 | D:5      | Found a one-way gate to the infinite horrors of the Abyss.
  2846 | D:5      | Found a corrupted altar of Lugonu.
  2853 | D:5      | Reached skill level 3 in Throwing
  3244 | D:5      | 3244 ||| READING scroll labelled CIEXIW QEGHEB.
  3245 | D:5      | 3245 ||| READING 3 scrolls labelled SIHEME WAVURHO.
  3246 | D:5      | 3246 ||| DRINKING 2 yellow potions.
  3247 | D:5      | 3247 ||| READING 3 scrolls of identify.
  3247 | D:5      | 3247 ||| IDENTIFYING fizzy dark potion
  3248 | D:5      | 3248 ||| READING 2 scrolls of identify.
  3248 | D:5      | 3248 ||| IDENTIFYING fizzy red potion
  3249 | D:5      | 3249 ||| DROPPING potion of degeneration.
  3250 | D:5      | 3250 ||| DROPPING potion of magic.
  3251 | D:5      | 3251 ||| DROPPING 2 scrolls of immolation.
  3310 | D:6      | Reached XP level 8. HP: 75/75 MP: 8/8
  3529 | D:6      | Reached skill level 9 in Unarmed Combat
  3529 | D:6      | 3529 ||| FLEEEEING.
  3530 | D:6      | 3530 ||| FLEEEEING.
  3531 | D:6      | 3531 ||| FLEEEEING.
  3532 | D:6      | 3532 ||| FLEEEEING.
  3533 | D:6      | 3533 ||| STAIRDANCE
  3553 | D:6      | 3553 ||| STAIRDANCE
  3555 | D:5      | 3555 ||| Stepping ~*~*~tactically~*~*~ (outnumbered).
  3556 | D:5      | 3556 ||| Stepping ~*~*~tactically~*~*~ (outnumbered).
  3557 | D:5      | 3557 ||| Stepping ~*~*~tactically~*~*~ (outnumbered).
  3561 | D:5      | Reached skill level 1 in Dodging
  3604 | D:6      | 3604 ||| Stepping ~*~*~tactically~*~*~ (outnumbered).
  3609 | D:6      | 3609 ||| INVOKING Fiery Armour.
  3739 | D:6      | Reached skill level 10 in Unarmed Combat
  3829 | D:6      | 3829 ||| Stepping ~*~*~tactically~*~*~ (stealth).
  4233 | D:7      | 4233 ||| Stepping ~*~*~tactically~*~*~ (outnumbered).
  4235 | D:7      | 4235 ||| Stepping ~*~*~tactically~*~*~ (outnumbered).
  4238 | D:7      | 4238 ||| INVOKING Fiery Armour.
  4243 | D:7      | HP: 15/78 [gnoll bouda/+0 whip (10)]
  4244 | D:7      | 4244 ||| READING 6 scrolls of teleportation.
  4317 | D:7      | Reached XP level 9. HP: 84/84 MP: 9/9
  4330 | D:7      | 4330 ||| Stepping ~*~*~tactically~*~*~ (stealth).
  4492 | D:7      | Reached skill level 11 in Unarmed Combat
  4575 | D:7      | Found a staircase to the Ecumenical Temple.
  4749 | D:7      | 4749 ||| Stepping ~*~*~tactically~*~*~ (hiding).
  4777 | D:7      | 4777 ||| Stepping ~*~*~tactically~*~*~ (stealth).
  5205 | D:7      | 5205 ||| READING scroll labelled YSILEJU CIHOU.
  5206 | D:7      | 5206 ||| READING 4 scrolls of identify.
  5206 | D:7      | 5206 ||| IDENTIFYING sedimented yellow potion
  5207 | D:7      | 5207 ||| DROPPING potion of berserk rage.
  5480 | D:8      | Found a glowing golden altar of the Shining One.
  5480 | D:8      | Found an ancient bone altar of Kikubaaqudgha.
  5632 | D:8      | Noticed Grum
  5633 | D:8      | 5633 ||| INVOKING Fiery Armour.
  5642 | D:8      | Killed Grum
  5643 | D:8      | Reached skill level 12 in Unarmed Combat
  5821 | D:8      | 5821 ||| Stepping ~*~*~tactically~*~*~ (hiding).
  5823 | D:8      | 5823 ||| Stepping ~*~*~tactically~*~*~ (hiding).
  5878 | D:8      | 5878 ||| DRINKING potion of curing.
  5878 | D:8      | 5878 ||| (to cure confusion)
  5949 | D:8      | 5949 ||| FLEEEEING.
  5950 | D:8      | 5950 ||| FLEEEEING.
  5951 | D:8      | 5951 ||| FLEEEEING.
  5952 | D:8      | 5952 ||| FLEEEEING.
  6149 | D:8      | 6149 ||| READING 4 scrolls of identify.
  6149 | D:8      | 6149 ||| IDENTIFYING sapphire potion
  6178 | D:7      | 6178 ||| READING 6 scrolls of teleportation.
  6235 | D:9      | 6235 ||| Stepping ~*~*~tactically~*~*~ (hiding).
  6235 | D:9      | Found Zyostorph's Armour Shoppe.
  6236 | D:9      | 6236 ||| Stepping ~*~*~tactically~*~*~ (hiding).
  6256 | D:9      | 6256 ||| INVOKING Fiery Armour.
  6257 | D:9      | 6257 ||| Stepping ~*~*~tactically~*~*~ (outnumbered).
  6258 | D:9      | 6258 ||| Stepping ~*~*~tactically~*~*~ (outnumbered).
  6260 | D:9      | 6260 ||| Stepping ~*~*~tactically~*~*~ (outnumbered).
  6260 | D:9      | HP: 18/88 [orc warrior/+0 flail (11)]
  6261 | D:9      | 6261 ||| READING 5 scrolls of teleportation.
  6262 | D:9      | 6262 ||| DRINKING potion of heal wounds.
  6263 | D:9      | 6263 ||| Stepping ~*~*~tactically~*~*~ (outnumbered).
  6264 | D:9      | 6264 ||| Stepping ~*~*~tactically~*~*~ (outnumbered).
  6264 | D:9      | Found an iron altar of Okawaru.
  6264 | D:9      | Found a sacrificial altar of Ru.
  6264 | D:9      | Found a white marble altar of Elyvilon.
  6264 | D:9      | Found a basalt altar of Yredelemnul.
  6447 | D:9      | Reached XP level 10. HP: 83/96 MP: 10/10
  6509 | D:9      | 6509 ||| Stepping ~*~*~tactically~*~*~ (stealth).
  6515 | D:9      | 6515 ||| Stepping ~*~*~tactically~*~*~ (outnumbered).
  6516 | D:9      | 6516 ||| Stepping ~*~*~tactically~*~*~ (outnumbered).
  6517 | D:9      | 6517 ||| Stepping ~*~*~tactically~*~*~ (outnumbered).
  6518 | D:9      | 6518 ||| Stepping ~*~*~tactically~*~*~ (outnumbered).
  6522 | D:9      | 6522 ||| Stepping ~*~*~tactically~*~*~ (outnumbered).
  6524 | D:9      | 6524 ||| Stepping ~*~*~tactically~*~*~ (outnumbered).
  6525 | D:9      | 6525 ||| Stepping ~*~*~tactically~*~*~ (outnumbered).
  6526 | D:9      | 6526 ||| Stepping ~*~*~tactically~*~*~ (outnumbered).
  6531 | D:9      | 6531 ||| Stepping ~*~*~tactically~*~*~ (outnumbered).
  6532 | D:9      | 6532 ||| Stepping ~*~*~tactically~*~*~ (outnumbered).
  6535 | D:9      | 6535 ||| Stepping ~*~*~tactically~*~*~ (outnumbered).
  6536 | D:9      | 6536 ||| Stepping ~*~*~tactically~*~*~ (outnumbered).
  6537 | D:9      | 6537 ||| Stepping ~*~*~tactically~*~*~ (outnumbered).
  6542 | D:9      | Reached skill level 13 in Unarmed Combat
  6579 | D:9      | 6579 ||| SHOPLISTING +10 tower shield of Ignorance {rN+
                  | Int-4} (802 gold, have 448).
  6579 | D:9      | 6579 ||| SHOPLISTING +2 cloak of the Planets {Harm Will+
                  | rCorr Dex+4} (575 gold, have 448).
  6765 | D:9      | 6765 ||| INVOKING Fiery Armour.
  6770 | D:9      | 6770 ||| Stepping ~*~*~tactically~*~*~ (outnumbered).
  6773 | D:9      | 6773 ||| Stepping ~*~*~tactically~*~*~ (outnumbered).
  6883 | D:9      | 6883 ||| INVOKING Fiery Armour.
  6889 | D:9      | 6889 ||| Stepping ~*~*~tactically~*~*~ (outnumbered).
  6892 | D:9      | Reached skill level 14 in Unarmed Combat
  6892 | D:9      | 6892 ||| Stepping ~*~*~tactically~*~*~ (outnumbered).
  7226 | D:9      | 7226 ||| UPGRADING to +4 ring of evasion.
  7227 | D:9      | 7227 ||| READING 3 scrolls of identify.
  7227 | D:9      | 7227 ||| IDENTIFYING metallic grey potion
  7246 | D:10     | Entered Level 10 of the Dungeon
  7261 | D:10     | Noticed Lodul
  7262 | D:10     | 7262 ||| Stepping ~*~*~tactically~*~*~ (hiding).
  7264 | D:10     | 7264 ||| Stepping ~*~*~tactically~*~*~ (outnumbered).
  7269 | D:10     | 7269 ||| INVOKING Fiery Armour.
  7271 | D:10     | Killed Lodul
  7272 | D:10     | Reached skill level 6 in Fighting
  7407 | D:10     | Found a staircase to the Orcish Mines.
  7407 | D:10     | Found Gilaucas's Weapon Boutique.
  7408 | D:10     | 7408 ||| Stepping ~*~*~tactically~*~*~ (hiding).
  7412 | D:10     | 7412 ||| INVOKING Fiery Armour.
  7415 | D:10     | 7415 ||| Stepping ~*~*~tactically~*~*~ (outnumbered).
  7426 | D:10     | HP: 19/100 [orc warrior/+0 halberd (8)]
  7427 | D:10     | 7427 ||| READING 4 scrolls of teleportation.
  7429 | D:10     | HP: 4/100 [orc warrior/+0 halberd (10)]
  7596 | D:10     | 7596 ||| INVOKING Fiery Armour.
  7604 | D:10     | 7604 ||| FLEEEEING.
  7605 | D:10     | 7605 ||| FLEEEEING.
  7606 | D:10     | 7606 ||| FLEEEEING.
  7741 | D:10     | 7741 ||| PLANNING CONVERSION TO OKAWARU
  7743 | D:10     | 7743 ||| Stepping ~*~*~tactically~*~*~ (stealth).
  7744 | D:10     | 7744 ||| Stepping ~*~*~tactically~*~*~ (stealth).
  7750 | D:10     | 7750 ||| FLEEEEING.
  7751 | D:10     | 7751 ||| FLEEEEING.
  7752 | D:10     | 7752 ||| FLEEEEING.
  7814 | D:9      | 7814 ||| PLANNING D:1-11
  7814 | D:9      | 7814 ||| UPGRADING to ring of resist corrosion.
  7830 | D:8      | 7830 ||| READING 4 scrolls of teleportation.
  7831 | D:8      | 7831 ||| PLANNING CONVERSION TO OKAWARU
  7902 | D:9      | Fell from the grace of Ignis
  7902 | D:9      | Became a worshipper of Warmaster Okawaru
  7903 | D:9      | 7903 ||| PLANNING D:1-11
  7903 | D:9      | 7903 ||| READING 3 scrolls of teleportation.
  7973 | D:10     | Found a shadowy altar of Dithmenos.
  7981 | D:10     | Reached skill level 6 in Throwing
  8074 | D:10     | Noticed a two-headed ogre
  8076 | D:10     | 8076 ||| Stepping ~*~*~tactically~*~*~ (outnumbered).
  8083 | D:10     | 8083 ||| Stepping ~*~*~tactically~*~*~ (outnumbered).
  8090 | D:10     | HP: 3/100 [two-headed ogre/+0 giant spiked club (26)]
  8091 | D:10     | 8091 ||| READING 2 scrolls of teleportation.
  8092 | D:10     | Killed a two-headed ogre
  8093 | D:10     | Reached XP level 11. HP: 3/107 MP: 11/11
  8173 | D:10     | 8173 ||| FLEEEEING.
  8283 | D:10     | 8283 ||| Stepping ~*~*~tactically~*~*~ (hiding).
  8415 | D:10     | Found a staircase to the Lair.
  8492 | D:10     | 8492 ||| Stepping ~*~*~tactically~*~*~ (stealth).
  8561 | D:10     | 8561 ||| PLANNING LAIR
  8596 | Lair:1   | Entered Level 1 of the Lair of Beasts
  8648 | Lair:1   | 8648 ||| Stepping ~*~*~tactically~*~*~ (stealth).
  8652 | Lair:1   | 8652 ||| Stepping ~*~*~tactically~*~*~ (stealth).
  8655 | Lair:1   | 8655 ||| Stepping ~*~*~tactically~*~*~ (stealth).
  8664 | Lair:1   | 8664 ||| Stepping ~*~*~tactically~*~*~ (stealth).
  8682 | Lair:1   | 8682 ||| Stepping ~*~*~tactically~*~*~ (stealth).
  8708 | Lair:1   | 8708 ||| Stepping ~*~*~tactically~*~*~ (stealth).
  8710 | Lair:1   | 8710 ||| Stepping ~*~*~tactically~*~*~ (stealth).
  8712 | Lair:1   | 8712 ||| Stepping ~*~*~tactically~*~*~ (stealth).
  8713 | Lair:1   | 8713 ||| Stepping ~*~*~tactically~*~*~ (stealth).
  8720 | Lair:1   | Reached * piety under Okawaru
  8726 | Lair:1   | 8726 ||| INVOKING Heroism.
  8729 | Lair:1   | HP: 18/107 [fire elemental[the fiery vengeance of Ignis]
                  | (12)]
  8729 | Lair:1   | HP: 1/107 [fire elemental[the fiery vengeance of Ignis]
                  | (10)]
  8730 | Lair:1   | 8730 ||| READING scroll of teleportation.
  8730 | Lair:1   | Mangled by a fire elemental

Levels and vault maps discovered:
D:1:      minmay_arrival_open_corners, layout_rooms,
          shapermc_ecumenical_altar_gd
D:2:      layout_rooms, chequers_serial_rivers_micro_d, minmay_nonomino_d4
D:3:      layout_loops_ring, gammafunk_ghost_mausoleum, uniq_ijyb
D:4:      layout_loops_ring, small_statue_intersection, uniq_sigmund,
          uniq_duvessa
D:5:      layout_cave_pools, amcnicky_altar_lugonu_corruption, uniq_eustachio
D:6:      layout_loops_corners
D:7:      layout_basic, minmay_temple_entry_slanted, nicolae_fountain_basement
D:8:      layout_loops_corners, gammafunk_temple_overflow_wave,
          minmay_crystal_room, uniq_grum
D:9:      layout_stronghold, chequers_temple_overflow_statue_of_worship,
          serial_shops, shop
D:10:     layout_basic, mainiacjoe_overflow_small_starburst, lair_entry_dummy,
          orc_david_3, enter_bailey_5, uniq_lodul
Lair:1:   layout_cave_pods, grunt_megastairs_5

Skill      XL: |  1  2  3  4  5  6  7  8  9 10 |
---------------+-------------------------------+-----
Unarmed Combat | 4 5 6 7 8 10 12 14 | 14.7
Throwing       | 1 2 3 5 6 |  6.0
Fighting       | 3 4 5 6 |  6.4
Dodging        | 1 |  1.0
Spellcasting   | |  1.0
Fire Magic     | |  2.1

Action                   |  1- 3 |  4- 6 |  7- 9 | 10-12 || total
-------------------------+-------+-------+-------+-------++-------
Melee: Unarmed           |    81 |   109 |   224 |   167 ||   581
       Punch             |     1 |     1 |     8 |     9 ||    19
Throw: Large rock        |     5 |    40 |    50 |    10 ||   105
       Boomerang         |       |       |     3 |     4 ||     7
Invok: Fiery Armour      |     1 |     1 |     5 |     5 ||    12
       Heroism           |       |       |       |     1 ||     1
  Use: Potion            |     3 |     2 |     3 |       ||     8
       Scroll            |     1 |     8 |    14 |     6 ||    29
Armor: Robe              |    26 |    54 |    87 |    57 ||   224
Dodge: Dodged            |    23 |    44 |    97 |   110 ||   274

Table legend:
 A = Non-vault XP
 B = Vault XP
 C = Vault XP percentage of total XP
 D = Non-vault monster count
 E = Vault monster count
 F = Vault count percentage of total count
                 A         B        C        D         E       F
            +---------+---------+-------+---------+---------+-------
      Total |   10072 |    3231 |  24.3 |     175 |      33 |  15.9
            +---------+---------+-------+---------+---------+-------
        D:1 |      32 |       0 |   0.0 |      20 |       0 |   0.0
        D:2 |      98 |      11 |  10.1 |      23 |       3 |  11.5
        D:3 |      81 |      36 |  30.8 |      20 |       1 |   4.8
        D:4 |     201 |     430 |  68.1 |      13 |       3 |  18.8
        D:5 |     382 |     203 |  34.7 |       7 |       1 |  12.5
        D:6 |     961 |       0 |   0.0 |      14 |       0 |   0.0
        D:7 |    1040 |     333 |  24.3 |      12 |       4 |  25.0
        D:8 |     664 |     420 |  38.7 |      21 |       3 |  12.5
        D:9 |    3794 |       0 |   0.0 |      31 |       0 |   0.0
       D:10 |    1336 |    1798 |  57.4 |       6 |      18 |  75.0
     Lair:1 |    1483 |       0 |   0.0 |       8 |       0 |   0.0
            +---------+---------+-------+---------+---------+-------
